 Dungeon Crawl Stone Soup version 0.25-a0-317-g5f8687bca5 (webtiles) character file.

Game seed: 5392431754340633711, levelgen mode: deterministic

191 Napalmbreeze the Skirmisher (level 5, 0/64 HPs)
             Began as a Barachi Skald on Dec 27, 2019.
             Succumbed to an orc wizard's poison
             ... on level 3 of the Dungeon.
             The game lasted 00:05:27 (2602 turns).

Napalmbreeze the Skirmisher (Barachi Skald)         Turns: 2602, Time: 00:05:28

Health: 0/64       AC: 22    Str: 10 (13) XL:     5   Next: 70%
Magic:  5/11       EV:  2    Int: 11 (14) God:
Gold:   167        SH:  0    Dex: 10 (13) Spells: 11/12 levels left

rFire    . . .     SeeInvis .   a - +0 falchion
rCold    . . .     Gourm    .   (no shield)
rNeg     + + +     Faith    .   (armour currently unavailable)
rPois    +         Spirit   .   (helmet currently unavailable)
rElec    .         Reflect  .   (cloak currently unavailable)
rCorr    .         Harm     .   (gloves currently unavailable)
MR       +....     Clarity  +   (boots currently unavailable) Stlth ++........NoTele +
                                r - amulet of the acrobat
HPRegen  0.20/turn              m - ring of protection from magic
MPRegen  0.12/turn              (no ring)

@: lethally poisoned (0 -> -8), tree-form, acrobat
A: +LOS, swims, thin skeletal structure 1, clarity
a: no special abilities


You were on level 3 of the Dungeon.
You were hungry.
You were a tree.
You visited 1 branch of the dungeon, and saw 3 of its levels.

You collected 167 gold pieces.

Inventory:

Hand Weapons
 a - a +0 falchion (weapon)
Armour
 b - a +0 leather armour (melded)
 i - a +0 pair of gloves (melded)
 p - a +0 ring mail
Jewellery
 m - a ring of protection from magic (left branch)
 r - an amulet of the acrobat (around neck)
Scrolls
 c - a scroll of blinking {unknown}
 e - a scroll of enchant armour {unknown}
 f - 4 scrolls of identify {unknown}
 g - 2 scrolls of remove curse {unknown}
 h - 2 scrolls of random uselessness {unknown}
 k - 4 scrolls of teleportation {unknown}
 n - 2 scrolls of fog {unknown}
Potions
 l - a potion of flight
Comestibles
 d - 5 rations


   Skills:
 + Level 4.6 Fighting
 - Level 3.0 Long Blades
 - Level 1.2 Armour
 - Level 2.1 Dodging
 - Level 4.0 Spellcasting
 - Level 4.0 Charms


You had 11 spell levels left.
You knew the following spells:

 Your Spells              Type           Power        Failure   Level  Hunger
a - Infusion              Chrm           ##..         4%          1    #......

Your spell library contained the following spells:

 Spells                   Type           Power        Failure   Level  Hunger
 Song of Slaying          Chrm           ##......     7%          2    ##.....
 Shroud of Golubria       Chrm/Tloc      #.....       16%         2    ##.....
 Regeneration             Chrm/Necr      #.........   30%         3    ###....
 Spectral Weapon          Hex/Chrm       #.......     30%         3    ###....


Dungeon Overview and Level Annotations

Branches:
Dungeon (3/15)

Altars:
Fedhas
Makhleb


Innate Abilities, Weirdness & Mutations

You can be seen from farther away. (+LOS)
You can swim through water.
((You cover ground slowly.))
((You can hop short distances.))
You have a somewhat thin skeletal structure. (Dex +2, Stealth)
You possess an exceptional clarity of mind.


Message History

The orc wizard is almost dead.
* * * LOW HITPOINT WARNING * * *
You feel sick.
The orc wizard hits you but does no damage.
You are lethally poisoned!
You hit the orc wizard.
You kill the orc wizard!
* * * LOW HITPOINT WARNING * * *
You feel sick.
There is a lethal amount of poison in your body!
There is a lethal amount of poison in your body!
Okay, then.
Unknown command.
* * * LOW HITPOINT WARNING * * *
You feel sick.
* * * LOW HITPOINT WARNING * * *
You feel sick.
* * * LOW HITPOINT WARNING * * *
You feel sick.
You die... ################################# ...))())...(....♣)............... ..############################### .

There were no monsters in sight!

Vanquished Creatures
  2 orc wizards (D:3)
  5 adders
  An ooze (D:2)
  2 worms
  4 leopard geckos (D:1)
  6 orcs (D:3)
  5 giant cockroaches
  7 goblins
  6 hobgoblins
  7 jackals
  2 quokkas (D:2)
  4 bats
  2 frilled lizards (D:1)
  6 kobolds
  A leopard gecko skeleton (D:2)
  8 rats
68 creatures vanquished.

Notes
Turn   | Place    | Note
-------+----------+-------------------------------------------
     0 | D:1      | Napalmbreeze the Barachi Skald began the quest for the Orb.
     0 | D:1      | Reached XP level 1. HP: 17/17 MP: 3/3
    43 | D:1      | Reached XP level 2. HP: 16/23 MP: 5/5
   741 | D:1      | Reached XP level 3. HP: 27/29 MP: 6/6
  1371 | D:2      | Reached XP level 4. HP: 37/37 MP: 3/8
  1848 | D:2      | Found a burning altar of Makhleb.
  1931 | D:2      | Found a blossoming altar of Fedhas.
  2204 | D:3      | Reached XP level 5. HP: 39/42 MP: 10/10
  2573 | D:3      | Gained mutation: You possess an exceptional clarity of
                  | mind. [potion of mutation]
  2573 | D:3      | Gained mutation: You have a somewhat thin skeletal
                  | structure. (Dex +2, Stealth) [potion of mutation]
  2599 | D:3      | HP: 3/64 [poisoned by an orc wizard]
  2601 | D:3      | HP: 1/64 [poisoned by an orc wizard]
  2602 | D:3      | Succumbed to an orc wizard's poison

Levels and vault maps discovered:
D:1:      wander_arrival_fairy_ring, layout_loops_ring, minmay_tromino_i4
D:2:      layout_rooms, nicolae_overflow_crystal_walls, fedhas_altar_fruit_tree,
          first_ration
D:3:      minmay_angry_zag, layout_basic, lemuel_coloured_pillars_altar

Skill      XL: |  1  2  3  4  5 |
---------------+----------------+-----
Fighting       | 3 4 |  4.6
Long Blades    | 3 |  3.0
Charms         | 4 |  4.0
Spellcasting   | 3 4 |  4.0
Armour         | |  1.2
Dodging        | |  2.1

Action                   |  1- 3 |  4- 6 || total
-------------------------+-------+-------++-------
Melee: Falchion          |   116 |   108 ||   224
 Cast: Infusion          |     3 |     4 ||     7
 Abil: Hop               |       |     1 ||     1
  Use: Potion            |       |     5 ||     5
  Eat: Chunk             |     2 |     4 ||     6
Armor: Leather armour    |    32 |    23 ||    55
       Skin              |       |    11 ||    11
Dodge: Dodged            |    89 |    77 ||   166
       Rpst.: Falchion   |    31 |    28 ||    59

Table legend:
 A = Non-vault XP
 B = Vault XP
 C = Vault XP percentage of total XP
 D = Non-vault monster count
 E = Vault monster count
 F = Vault count percentage of total count
                 A         B        C        D         E       F
            +---------+---------+-------+---------+---------+-------
      Total |     254 |      19 |   7.0 |      59 |       9 |  13.2
            +---------+---------+-------+---------+---------+-------
        D:1 |      49 |       7 |  12.5 |      23 |       3 |  11.5
        D:2 |      79 |       0 |   0.0 |      20 |       0 |   0.0
        D:3 |     126 |      12 |   8.7 |      16 |       6 |  27.3
            +---------+---------+-------+---------+---------+-------
